[Event "*** SCC Grand Prix: Titled Tuesday Blitz"]
[Site "Chess.com"]
[Date "2020.08.11"]
[Round "10"]
[White "attack2mateU"]
[Black "Legendinunknown"]
[Result "0-1"]
[WhiteElo "2703"]
[BlackElo "2611"]
[TimeControl "180+1"]
[EndTime "11:57:59 PDT"]
[Termination "Legendinunknown won on time"]

1. e4 e5 2. Nf3 Nc6 3. Bb5 a6 4. Ba4 Nf6 5. O-O Nxe4 6. d4 b5 7. Bb3 d5 8. dxe5 Be6 9. Nbd2 Nc5 10. c3 d4 11. Bxe6 Nxe6 12. cxd4 Ncxd4 13. Nxd4 Nxd4 14. a4 Be7 15. Qg4 Ne6 16. Nf3 O-O 17. Be3 c5 18. Rfd1 Qc7 19. Qe4 Rad8 20. axb5 axb5 21. g3 Rxd1+ 22.
Rxd1 Rd8 23. Ra1 h6 24. h4 Qd7 25. Ra6 Qd1+ 26. Kg2 Qb3 27. Qb7 Re8 28. Qd7 Kf8 29.
Nd2 Qxb2 30. Rxe6 fxe6 31. Qxe6 Qc2 32. Qd5 Rd8 33. Qc6 Qd3 34. Nf3 c4 35. e6 Qd5 36.
Qc7 Qd6 37. Qb7 Qd5 38. Qb6 c3 0-1

[Event "*** SCC Grand Prix: Titled Tuesday Blitz"]
[Site "Chess.com"]
[Date "2020.08.11"]
[Round "10"]
[White "GregShahade"]
[Black "gurelediz"]
[Result "1-0"]
[WhiteElo "2715"]
[BlackElo "2548"]
[TimeControl "180+1"]
[EndTime "11:57:59 PDT"]
[Termination "GregShahade won by resignation"]

1. e4 c5 2. Nf3 d6 3. d4 cxd4 4. Nxd4 Nf6 5. Nc3 a6 6. Be3 e5 7. Nb3 Be6 8. f3 Be7 9. Qd2 O-O 10. O-O-O Qc7 11. g4 Rc8 12. Kb1 b5 13. g5 Nfd7 14.
h4 b4 15. Nd5 Bxd5 16. exd5 a5 17. h5 a4 18. Nc1 Na6 19. g6 Nac5 20. gxf7+ Kh8 21. Nd3 b3 22. cxb3 axb3 23. a3 Na4 24.
Nb4 e4 25. fxe4 Bf6 26. Bd4 Bxd4 27. Qxd4 Ne5 28. h6 g6 29. Nc6 Nc5 30. Bh3 Rf8 31. Rc1 Ra4 32. Nb4 Rxf7 33. Rhf1 Rxf1 34. Rxf1 Ra8 35.
Nc6 Nd3 36. Be6 g5 37. Qc3 Nf4 38. Nxe5 Qxc3 39. Nf7+ Kg8 40. bxc3 Nxe6 41. dxe6 Rxa3 42. Kb2 Ra2+ 43. Kxb3 Re2 44. Nxg5 Rg2 45. e7 1-0

[Event "*** SCC Grand Prix: Titled Tuesday Blitz"]
[Site "Chess.com"]
[Date "2020.08.11"]
[Round "10"]
[White "DonBroca"]
[Black "Azoulas1"]
[Result "0-1"]
[WhiteElo "2086"]
[BlackElo "2009"]
[TimeControl "180+1"]
[EndTime "11:57:59 PDT"]
[Termination "Azoulas1 won on time"]

1. e4 e5 2. Nf3 Nc6 3. Bb5 a6 4.
Ba4 Nf6 5. O-O b5 6. Bb3 Be7 7. c3 O-O 8. Re1 d6 9. h3 Bb7 10. d4 h6 11. Nbd2 Re8 12. Nf1 Bf8 13. Ng3 g6 14. d5 Nb8 15. Be3 Bg7 16. Qd2 Kh7 17.
Rad1 Nbd7 18. Bc2 Nb6 19. b3 Nbd7 20. Qc1 Qe7 21. Nd2 c5 22. f4 exf4 23. Bxf4 Ne5 24. Nf3 Nxf3+ 25. gxf3 Nd7 26. Kf2 Ne5 27. Rg1 Qh4 28. Rh1 c4 29. b4 Rac8 30. Rdg1 Nd3+ 31. Bxd3 cxd3 32. Bd2 f5 33. exf5 gxf5 34. Kf1 Re2 35. Nxe2 dxe2+ 36. Kxe2 Bxd5 37. Rg2 Qc4+ 38. Kf2 Qh4+ 39.
Ke2 Re8+ 40. Kd1 Bxf3+ 41. Kc2 Bxg2 42. Rg1 Be4+ 43. Kb2 Qxh3 44. Qd1 Qd3 0-1

[Event "*** SCC Grand Prix: Titled Tuesday Blitz"]
[Site "Chess.com"]
[Date "2020.08.11"]
[Round "10"]
[White "DenLaz"]
[Black "arminmusovic"]
[Result "1-0"]
[WhiteElo "2683"]
[BlackElo "2508"]
[TimeControl "180+1"]
[EndTime "11:58:00 PDT"]
[Termination "DenLaz won by resignation"]

1. e4 c6 2. Nf3 d5 3. d3 dxe4 4. dxe4 Qxd1+ 5. Kxd1 Bg4 6. Nd2 Nd7 7. h3 Bh5 8. g4 Bg6 9. Nh4 O-O-O 10. f3 e6 11. Ke2 Be7 12. Nxg6 hxg6 13. Nc4 Ngf6 14. Bg2 b5 15. Na5 Kc7 16. Bd2 Bc5 17. f4 e5 18.
f5 gxf5 19. exf5 Bb6 20. Nxc6 Rde8 21. a4 bxa4 22. Rxa4 e4 23. Nxa7 Nc5 24. Ra3 e3 25. Nb5+ Kd7 26. Bxe3 Nfe4 27. Rd1+ Kc6 28. Nd6 Re5 29.
Bxc5 Bxc5 30. Nxe4 Bxa3 31. bxa3 Rhe8 32. Rd4 Kc7 33.
a4 g6 34. fxg6 fxg6 35. Ke3 Ra5 36. Bf3 Re7 37. Kf4 Rf7+ 38. Kg3 Re7 39. h4 Rf7 40. Rc4+ Kd8 41. Nd6 Rd7 42. Nb7+ Rxb7 43. Bxb7 Ke7 44. Be4 Kf6 45. Rc6+ Ke5 46. Bxg6 Rxa4 47. h5 Ra3+ 48. Kh4 Ra1 49. Kg5 Ra5 50. Bf5 Kd5 51. Re6 Ra8 52.
h6 Rg8+ 53. Rg6 Rh8 54. Rg7 Ke5 55. h7 Kd6 56. Rg8 Rxh7 57. Bxh7 Kc5 1-0

[Event "*** SCC Grand Prix: Titled Tuesday Blitz"]
[Site "Chess.com"]
[Date "2020.08.11"]
[Round "10"]
[White "mjray79"]
[Black "Dinamo81"]
[Result "0-1"]
[WhiteElo "2351"]
[BlackElo "2610"]
[TimeControl "180+1"]
[EndTime "11:58:00 PDT"]
[Termination "Dinamo81 won by resignation"]

1. d4 d5 2. c4 e6 3. Nf3 a6 4.
g3 dxc4 5. Bg2 Nc6 6. a4 Rb8 7. O-O b5 8. axb5 axb5 9. b3 cxb3 10.
Qxb3 Nf6 11. Rd1 Nb4 12. Ne5 Bb7 13. Bxb7 Rxb7 14. Ba3 Nbd5 15. Bxf8 Kxf8 16. Nc3 Kg8 17. Nxb5 h5 18. h4 Ng4 19. Qd3 Rh6 20. Nc6 Qe8 21.
Rdc1 Rf6 22. f3 Nge3 23. Na3 Rg6 24. Kf2 Qf8 25. Ne5 Rf6 26. Nd7 Qe7 27. Nxf6+ Qxf6 28. Nc4 Nf5 29. Ne5 g6 30. Ra6 Nb4 31. Ra8+ Kg7 32.
Qe4 Nd6 33. Qb1 Nd5 34. Qc2 Qe7 35. Nc6 Qf6 36. Kg2 Ne3+ 37. Kf2 Nxc2 38. Rxc2 Rb6 39.
Ra7 Nb5 40. Ra8 Nxd4 41. Nd8 Nxc2 0-1

[Event "*** SCC Grand Prix: Titled Tuesday Blitz"]
[Site "Chess.com"]
[Date "2020.08.11"]
[Round "10"]
[White "Valeron87"]
[Black "SzMM19"]
[Result "1-0"]
[WhiteElo "2352"]
[BlackElo "2451"]
[TimeControl "180+1"]
[EndTime "11:58:00 PDT"]
[Termination "Valeron87 won by checkmate"]

1. e4 c5 2. Nf3 a6 3. c3 e6 4. d4 d5 5. exd5 exd5 6. Bg5 Be7 7. Bxe7 Qxe7+ 8. Be2 Nf6 9. dxc5 Qxc5 10. O-O O-O 11. Nbd2 Nc6 12. Nb3 Qd6 13. Nbd4 Bg4 14. h3 Bxf3 15.
Bxf3 Nxd4 16. Qxd4 Rad8 17. Rfe1 Rfe8 18. Rxe8+ Nxe8 19. Rd1 Nf6 20. c4 Re8 21. Bxd5 Qc7 22. g3 h6 23. Bf3 b5 24. c5 a5 25. c6 b4 26.
Kg2 Rc8 27. a3 bxa3 28. bxa3 h5 29. Rb1 Rd8 30. Qc5 h4 31. Rb7 Qc8 32. c7 Rf8 33. Rb8 Qe6 34. Rxf8+ Kh7 35. c8=Q hxg3 36. Rh8+ Kg6 37.
Bh5+ Nxh5 38. Qxh5+ Kf6 39. Qd8+ Qe7 40. Qh4+ g5 41.
Qhd4+ Kf5 42. Qxe7 f6 43. Qexf6# 1-0

[Event "*** SCC Grand Prix: Titled Tuesday Blitz"]
[Site "Chess.com"]
[Date "2020.08.11"]
[Round "10"]
[White "TimofeevAr"]
[Black "UmbertoConcelli"]
[Result "1-0"]
[WhiteElo "2848"]
[BlackElo "2705"]
[TimeControl "180+1"]
[EndTime "11:58:02 PDT"]
[Termination "TimofeevAr won by resignation"]

1. e4 c5 2. Nf3 d6 3. d4 cxd4 4. Nxd4 Nf6 5. Nc3 Nc6 6. Bg5 e6 7. Qd2 Be7 8. O-O-O a6 9. f3 Bd7 10. h4 h5 11. Kb1 Qc7 12. Be2 b5 13. Nxc6 Bxc6 14. Bd3 b4 15. Ne2 a5 16. Nd4 Bd7 17. f4 O-O 18. Rhe1 e5 19. Nf5 Bxf5 20. exf5 a4 21. Qxb4 d5 22. Qd2 e4 23. Be2 Rab8 24.
Ka1 a3 25. bxa3 Bxa3 26. Rb1 Bc5 27. Bxf6 gxf6 28. Bb5 Qa7 29. Rb3 Ra8 30. a4 Bd4+ 31. Kb1 Qc5 32. Rd1 Rfc8 33. c4 Bf2 34. Qxd5 e3 35.
Qxc5 Rxc5 36. Rb2 Rxf5 37. g3 Kf8 38. Re2 Rc5 39. Kc2 f5 40. Rd5 Rxd5 41. cxd5 Ke7 42. Bc6 Ra5 43. Kd3 Kd6 44. Rb2 Rc5 45. Ra2 Rc1 46.
a5 Rd1+ 47. Ke2 Rd2+ 48. Rxd2 exd2 49. a6 Bxg3 50. a7 1-0

[Event "*** SCC Grand Prix: Titled Tuesday Blitz"]
[Site "Chess.com"]
[Date "2020.08.11"]
[Round "10"]
[White "blitzking1729"]
[Black "seorobert1971"]
[Result "0-1"]
[WhiteElo "2611"]
[BlackElo "2736"]
[TimeControl "180+1"]
[EndTime "11:58:03 PDT"]
[Termination "seorobert1971 won by resignation"]

1. c4 Nf6 2. Nc3 e5 3. Nf3 Nc6 4. g3 Bb4 5. Bg2 Bxc3 6. dxc3 O-O 7. O-O d6 8. b4 a5 9. b5 Ne7 10. c5 dxc5 11. Qxd8 Rxd8 12. Nxe5 Ned5 13. c4 Nb4 14. Bf4 Nh5 15. Rfd1 Re8 16. Bf3 Nxf4 17. gxf4 Nc2 18. Rac1 Nd4 19. e3 Nxf3+ 20. Nxf3 Bg4 21. Kg2 Rad8 22.
Kg3 Be6 23. Rxd8 Rxd8 24. Rc2 f6 25. Nd2 Kf7 26. Kf3 b6 27. Rb2 Rd3 28. Ke2 Rc3 29. Rb3 Bxc4+ 30. Nxc4 Rxc4 31. Rd3 Ke7 32. a3 Rc2+ 33.
Kf3 Rb2 34. a4 Ra2 35. Rd1 Rxa4 36. Rg1 g6 37. h4 Rb4 38. h5 Rxb5 39. hxg6 hxg6 40.
Rxg6 a4 41. Rg7+ Kd6 42. e4 a3 43. Rg8 a2 0-1

[Event "*** SCC Grand Prix: Titled Tuesday Blitz"]
[Site "Chess.com"]
[Date "2020.08.11"]
[Round "10"]
[White "MasterKroket"]
[Black "vesalhamedinia"]
[Result "0-1"]
[WhiteElo "2400"]
[BlackElo "2299"]
[TimeControl "180+1"]
[EndTime "11:58:04 PDT"]
[Termination "vesalhamedinia won by resignation"]

1. d4 d5 2. c4 e6 3. Nf3 Nf6 4. Nc3 Be7 5. Bf4 O-O 6. e3 dxc4 7. Bxc4 a6 8. a4 b6 9. O-O Bb7 10. Re1 Nbd7 11. e4 c5 12. e5 Nd5 13. Nxd5 exd5 14. Bd3 c4 15. Bc2 b5 16. Qd2 Re8 17. Ng5 Bxg5 18.
Bxg5 Qb6 19. Ra3 b4 20. Rh3 Nf8 21. Ree3 Bc8 22. Rh4 Ra7 23. Rg3 Ng6 24. Bf6 gxf6 25. Qh6 f5 26. Qxh7+ Kf8 27. h3 b3 28. Bd1 Nxh4 29.
Rg8+ Ke7 30. Qxh4+ Kd7 31. Rg7 Qe6 32. Bh5 Kc6 33.
g4 Rc7 34. gxf5 Qxf5 35. Bg4 Qb1+ 36. Kg2 Bxg4 37. hxg4 Qe4+ 38. Kg1 Kb7 39. Qf6 Rh8 40. f3 Qe3+ 41. Kg2 Qe2+ 42. Kg1 Rh2 0-1

[Event "*** SCC Grand Prix: Titled Tuesday Blitz"]
[Site "Chess.com"]
[Date "2020.08.11"]
[Round "10"]
[White "Grischuk"]
[Black "VerdeNotte"]
[Result "1-0"]
[WhiteElo "3036"]
[BlackElo "2877"]
[TimeControl "180+1"]
[EndTime "11:58:05 PDT"]
[Termination "Grischuk won by resignation"]

1. Nf3 g6 2. e4 c5 3. c3 d5 4. e5 Nc6 5. Bb5 Nh6 6. h3 Bg7 7. O-O d4 8. cxd4 cxd4 9. d3 O-O 10. Re1 Nf5 11. Bf4 Bd7 12. Bc4 Na5 13. Bd5 Bc6 14.
Be4 Qb6 15. Qd2 Qa6 16. Na3 e6 17. b4 Bxe4 18. dxe4 Nc6 19. exf5 Qxa3 20. f6 Bh8 21. b5 Nb4 22. Reb1 Nd5 23. Qxd4 Rfd8 24. Rb3 Qf8 25. Qe4 Rac8 26. Bd2 Nb6 27. Be3 Rc4 28. Qxb7 Rd7 29.
Qa6 Ra4 30. Bxb6 Rxa6 31. bxa6 axb6 32. Rxb6 h6 33. Rab1 Kh7 34. Rb7 Rxb7 35. axb7 Qb8 36. a4 g5 37. a5 h5 38. Nxg5+ Kg6 39. Nf3 Bxf6 40. exf6 e5 41. a6 e4 42. a7 Qxa7 43.
b8=Q 1-0

[Event "*** SCC Grand Prix: Titled Tuesday Blitz"]
[Site "Chess.com"]
[Date "2020.08.11"]
[Round "10"]
[White "dopolian"]
[Black "XiaoKangZhong"]
[Result "1/2-1/2"]
[WhiteElo "2534"]
[BlackElo "2429"]
[TimeControl "180+1"]
[EndTime "11:58:05 PDT"]
[Termination "Game drawn by repetition"]

1. Nf3 Nf6 2. c4 g6 3. b3 Bg7 4.
Bb2 O-O 5. g3 d5 6. cxd5 Nxd5 7.
Bxg7 Kxg7 8. Bg2 c5 9. O-O Nc6 10. d4 cxd4 11. Nxd4 Kg8 12. Nxc6 bxc6 13. e4 Nb4 14. Nc3 Ba6 15. Qxd8 Raxd8 16. Rfd1 e5 17. Bf1 Bxf1 18. Kxf1 Rd4 19. a3 Nc2 20. Ra2 Rxd1+ 21. Nxd1 Nd4 22. b4 a5 23. Ne3 axb4 24. axb4 Rb8 25. Ra4 h5 26. h4 Rb5 27. Kg2 Ne6 28.
Nc2 c5 29. bxc5 Rxc5 30. Ne3 Nd4 31. Rc4 Rxc4 32. Nxc4 f6 33. Kf1 Kf7 34. Ke1 Ke6 35. Kd2 f5 36. exf5+ gxf5 37. Ke3 Nc6 38. Nd2 Ne7 39.
Nf3 Nd5+ 40. Ke2 Kf6 41. Nd2 f4 42. Kf3 Kf5 43. Ne4 Ne7 44. Nd6+ Ke6 45. Ne4 Kf5 46.
Nd6+ Ke6 47. Ne8 Kf7 48. Nc7 Ng6 49. Nd5 Ke6 50. Nc3 Kf5 51. Ne4 Ne7 1/2-1/2

[Event "*** SCC Grand Prix: Titled Tuesday Blitz"]
[Site "Chess.com"]
[Date "2020.08.11"]
[Round "10"]
[White "PowerThinking2650"]
[Black "okriak"]
[Result "0-1"]
[WhiteElo "2438"]
[BlackElo "2733"]
[TimeControl "180+1"]
[EndTime "11:58:06 PDT"]
[Termination "okriak won on time"]

1. e4 e6 2. d4 d5 3. Nd2 Be7 4. Ngf3 Nf6 5. e5 Nfd7 6. Bd3 c5 7. c3 Nc6 8. O-O g5 9. dxc5 g4 10. Nd4 Ndxe5 11. Bb5 Bd7 12. b4 h5 13. Re1 Qc7 14.
N2b3 O-O-O 15. Bf1 Ng6 16. b5 Nce5 17. c6 bxc6 18.
bxc6 Bxc6 19. Nxc6 Nxc6 20. Rb1 Bd6 21. Ba6+ Kd7 22.
Nc5+ Ke8 23. Nxe6 fxe6 24. Rxe6+ Nce7 25. Rb7 Qa5 26. Bb5+ Kf7 27. Qe2 Rb8 28. Rxg6 Kxg6 29. Qe6+ Kg7 30. Rxe7+ Bxe7 31. Qxe7+ Kg8 32. Qe6+ Kg7 33.
Qe7+ Kg8 34. Qe6+ Kg7 35. Qe5+ Kf7 36. Qxd5+ Kg7 37. Qe5+ Kf7 38. Bc4+ Kg6 0-1

[Event "*** SCC Grand Prix: Titled Tuesday Blitz"]
[Site "Chess.com"]
[Date "2020.08.11"]
[Round "10"]
[White "ZverevLev"]
[Black "bazar-wokzal"]
[Result "0-1"]
[WhiteElo "2321"]
[BlackElo "2468"]
[TimeControl "180+1"]
[EndTime "11:58:08 PDT"]
[Termination "bazar-wokzal won by resignation"]

1. e4 Nc6 2. Nf3 d5 3. exd5 Qxd5 4. d4 Bg4 5. Be2 O-O-O 6. c3 Nf6 7. O-O e5 8. dxe5 Qxd1 9. Rxd1 Rxd1+ 10. Bxd1 Nxe5 11. Nxe5 Bxd1 12. Nxf7 Rg8 13. Bf4 Bc5 14. Nd2 Bh5 15.
Ng5 Re8 16. a4 Re2 17. Rf1 Nd5 18. Nde4 Nxf4 19. Nxc5 Rxb2 20. Re1 b6 21. Nce6 Ne2+ 22. Kf1 Nxc3 23. Nxg7 Be2+ 24. Kg1 Nxa4 25. Nxh7 Nc3 26. Nf6 a5 27. h4 a4 28. h5 Bxh5 29. Ngxh5 a3 30. g4 a2 31. g5 Rb1 32. g6 Rxe1+ 33.
Kh2 a1=Q 34. Ng3 Nd5 35. Nxd5 Qg7 36. Nf4 b5 37. Ngh5 Qh6 38. g7 Re8 39. Kg2 b4 40. Kf3 b3 41. Nd5 Qxh5+ 0-1

[Event "*** SCC Grand Prix: Titled Tuesday Blitz"]
[Site "Chess.com"]
[Date "2020.08.11"]
[Round "10"]
[White "Resignify"]
[Black "Savva09022009"]
[Result "0-1"]
[WhiteElo "2196"]
[BlackElo "2324"]
[TimeControl "180+1"]
[EndTime "11:58:08 PDT"]
[Termination "Savva09022009 won on time"]

1. e4 c5 2. Nc3 Nc6 3. g3 g6 4.
Bg2 Bg7 5. d3 d6 6. f4 e6 7. Nf3 Nge7 8. O-O O-O 9. Be3 Nd4 10.
e5 dxe5 11. fxe5 Nxf3+ 12. Qxf3 Qc7 13. Ne4 Bxe5 14. Nxc5 Nd5 15. Bf2 b6 16. d4 Bg7 17.
c4 bxc5 18. dxc5 Bb7 19. Rab1 Rab8 20. cxd5 Bxd5 21. Qe2 Bxg2 22. Kxg2 Rfd8 23. b4 Qc6+ 24. Qf3 Rd5 25. a3 a6 26. Rfd1 Rbd8 27. Rxd5 exd5 28.
Rd1 Qe6 29. Re1 Qc6 30. Qd3 d4+ 31. Qf3 Qb5 32. Rd1 d3 33. Be3 Qc4 34. Rd2 Bc3 35. Rd1 Qa2+ 36. Kh3 Qc2 37. c6 Rc8 0-1

[Event "*** SCC Grand Prix: Titled Tuesday Blitz"]
[Site "Chess.com"]
[Date "2020.08.11"]
[Round "10"]
[White "JoliyRoger"]
[Black "Shubinkirill2003"]
[Result "1-0"]
[WhiteElo "2381"]
[BlackElo "2657"]
[TimeControl "180+1"]
[EndTime "11:58:09 PDT"]
[Termination "JoliyRoger won on time"]

1. Nf3 Nf6 2. c4 b6 3. d4 e6 4.
a3 Bb7 5. Nc3 Ne4 6. Nxe4 Bxe4 7.
Nd2 Bb7 8. e4 g6 9. Bd3 Bg7 10. Nf3 d6 11. Bg5 Qd7 12. Qc2 O-O 13.
h3 Nc6 14. Be3 f5 15. d5 Na5 16. O-O Rae8 17. b4 fxe4 18. Bxe4 exd5 19. cxd5 Bxa1 20. Rxa1 Qe7 21. Nd2 Qe5 22. Rd1 Bxd5 23. Bxd5+ Qxd5 24. bxa5 Qf7 25. Nf3 Re7 26. Nd4 c5 27.
Nb5 d5 28. a6 d4 29. Bg5 Rd7 30.
a4 Re8 31. Bh4 Qd5 32. Qd2 d3 33. Nc3 Qf7 34. Bg3 c4 35. Kh2 Rde7 36. f3 Rd7 37. Re1 Rxe1 38. Bxe1 Re7 39. Bg3 Qf6 40. a5 Re8 41.
Nd5 1-0

[Event "*** SCC Grand Prix: Titled Tuesday Blitz"]
[Site "Chess.com"]
[Date "2020.08.11"]
[Round "10"]
[White "dpopadic"]
[Black "UKR_Master"]
[Result "0-1"]
[WhiteElo "2407"]
[BlackElo "2312"]
[TimeControl "180+1"]
[EndTime "11:58:10 PDT"]
[Termination "UKR_Master won on time"]

1. e4 c5 2. Nc3 Nc6 3. f4 g6 4.
Nf3 Bg7 5. Bc4 e6 6. f5 Nge7 7. fxe6 fxe6 8. d3 O-O 9. O-O a6 10. a4 d5 11. Bb3 Kh8 12. Bg5 Qd6 13. Qd2 c4 14. dxc4 Qc5+ 15. Kh1 dxc4 16. Ba2 Rd8 17. Qf4 e5 18. Qh4 Be6 19. Rae1 Rf8 20. Bh6 Bxh6 21. Qxh6 Ng8 22. Qh4 Rf4 23. Qg3 Raf8 24. Rg1 Bg4 25. Nd2 b5 26. axb5 axb5 27. h3 Be6 28. Nf3 b4 29. Nd5 Bxd5 30. exd5 Qxd5 31. Rd1 Qe4 32. Rd7 Nf6 33. Rc7 Nh5 34. Qe1 Qd5 35. Ng5 Nf6 36. Rxc6 Qxc6 37. Qxe5 Rf5 38. Qe3 Re8 39. Qc1 Qc7 0-1

[Event "*** SCC Grand Prix: Titled Tuesday Blitz"]
[Site "Chess.com"]
[Date "2020.08.11"]
[Round "10"]
[White "Azatic"]
[Black "Murad_Ibrahimli"]
[Result "0-1"]
[WhiteElo "2550"]
[BlackElo "2707"]
[TimeControl "180+1"]
[EndTime "11:58:12 PDT"]
[Termination "Murad_Ibrahimli won by resignation"]

1. e4 c6 2. d4 d5 3. e5 Bf5 4.
Nf3 e6 5. Be2 c5 6. O-O Nc6 7.
Be3 Qb6 8. Nc3 c4 9. Qc1 Bb4 10. a3 Bxc3 11. bxc3 h6 12. Nh4 Bh7 13. f4 Nge7 14. Bg4 Nf5 15. Nxf5 Bxf5 16. Bxf5 exf5 17. g4 Ne7 18. Rb1 Qc6 19. Qd2 b6 20. Qg2 g6 21.
h3 h5 22. g5 Kd7 23. a4 Qxa4 24. Ra1 Qc6 25. Bc1 a5 26. Ba3 Rhb8 27. Rfe1 Qe6 28.
Bd6 Rb7 29. Reb1 Nc8 30. Ba3 Qc6 31. Re1 Ke6 32. Qd2 Na7 33. Reb1 Qd7 34. Qc1 b5 35.
Bc5 Nc6 36. Rb2 Rab8 37. Qb1 Qc7 38. Bd6 Qb6 39. Bxb8 Rxb8 40. Kg2 b4 41. cxb4 axb4 42. c3 b3 43. Ra3 Nxd4 44. cxd4 Qxd4 45. Ra6+ Rb6 46.
Rxb6+ Qxb6 47. Qa1 c3 48. Rf2 b2 49. Qb1 Qb4 50. Kf3 Qe4+ 0-1

[Event "*** SCC Grand Prix: Titled Tuesday Blitz"]
[Site "Chess.com"]
[Date "2020.08.11"]
[Round "10"]
[White "ShahMatKanal"]
[Black "rynos0411"]
[Result "1-0"]
[WhiteElo "2461"]
[BlackElo "2335"]
[TimeControl "180+1"]
[EndTime "11:58:12 PDT"]
[Termination "ShahMatKanal won by resignation"]

1. d4 Nf6 2. c4 g6 3. Nc3 Bg7 4. e4 d6 5. Be2 O-O 6. Nf3 e5 7. d5 a5 8. O-O Nbd7 9. Qc2 Nc5 10. Bg5 h6 11. Be3 Ng4 12. Bxc5 dxc5 13. h3 Nf6 14. Nxe5 Nxd5 15. cxd5 Bxe5 16. f4 Bd4+ 17. Kh2 Re8 18. Rad1 b6 19. e5 Bb7 20. Bf3 Kg7 21. Ne4 Bxd5 22. Nf6 Bxf3 23. Nxe8+ Qxe8 24. Rxf3 Rd8 25. b3 Qc6 26. Qe2 b5 27. Rfd3 Rd5 28. Qf3 Qd7 29.
Qe4 c6 30. a4 bxa4 31. bxa4 Qb7 32. e6 fxe6 33. Qxe6 Qc7 34. Rg3 g5 35. Rf1 Rd6 36. Qg4 Rg6 37. Qh5 Be3 38. Rxe3 Qd6 39. Ref3 c4 40. Kh1 c5 41. fxg5 Rxg5 42. Rf7+ Kg8 43.
Rf8+ Qxf8 44. Rxf8+ Kxf8 45. Qf3+ Kg7 46. Qc3+ Kg6 47. Qxc4 Rf5 48. Qd3 Kg5 49. Qd2+ Kh4 50. Qxa5 Kg3 51. Qc7+ Kf2 52. a5 Rd5 53. Qf7+ 1-0

[Event "*** SCC Grand Prix: Titled Tuesday Blitz"]
[Site "Chess.com"]
[Date "2020.08.11"]
[Round "10"]
[White "CaspiIsrael"]
[Black "TigrVShlyape"]
[Result "1/2-1/2"]
[WhiteElo "2653"]
[BlackElo "2840"]
[TimeControl "180+1"]
[EndTime "11:58:13 PDT"]
[Termination "Game drawn by repetition"]

1. e4 e5 2. Nf3 Nc6 3. d4 exd4 4. Nxd4 Bc5 5. Nb3 Bb6 6. Nc3 Nge7 7. Qe2 O-O 8. Be3 f5 9. exf5 Bxe3 10. Qxe3 Nxf5 11. Bc4+ Kh8 12. Qd2 Re8+ 13. Be2 a5 14. a4 Nb4 15.
O-O-O d6 16. g4 Nh4 17. f4 Be6 18. Nd4 Bg8 19. f5 d5 20. Nf3 c5 21. Nxh4 Qxh4 22.
Bf3 Rad8 23. Kb1 d4 24. Ne4 d3 25. cxd3 Rxd3 26. Qf4 Nd5 27. Qg5 Qxg5 28. Nxg5 c4 29. Be4 Rxd1+ 30. Rxd1 Nf6 31. Bf3 h6 32. Nh3 Re3 33.
Rf1 c3 34. Nf4 Bc4 35. Rf2 Bb3 36. bxc3 Bxa4 37. Bxb7 Rxc3 38. Bf3 Bc6 39. Bxc6 Rxc6 40. h3 Rc3 41. Re2 Kh7 42. Rd2 Rf3 43. Ng6 Rxh3 44. Rd8 Ng8 45. Nf8+ Kh8 46. Ng6+ Kh7 47. Nf8+ Kh8 48.
Ng6+ Kh7 1/2-1/2

[Event "*** SCC Grand Prix: Titled Tuesday Blitz"]
[Site "Chess.com"]
[Date "2020.08.11"]
[Round "10"]
[White "Crazy_girl99"]
[Black "Manukyan_Artak"]
[Result "1/2-1/2"]
[WhiteElo "2490"]
[BlackElo "2358"]
[TimeControl "180+1"]
[EndTime "11:58:13 PDT"]
[Termination "Game drawn by repetition"]

1. e4 c6 2. d4 d5 3. e5 Bf5 4. h4 h5 5. c4 e6 6. Nc3 Ne7 7. Bg5 dxc4 8. Bxc4 Nd7 9. Nge2 Nb6 10. Bd3 Qd7 11.
Ng3 Qxd4 12. Nxf5 Nxf5 13. O-O Be7 14. Bxe7 Nxe7 15. Nb5 Qxe5 16. Re1 Qb8 17. Nd4 Nbd5 18. Rc1 Qf4 19. Re4 Qd6 20. Bb1 Nf6 21. Re1 O-O-O 22. Nf3 Qxd1 23. Rexd1 Rxd1+ 24. Rxd1 Rd8 25. Re1 Nf5 26.
g3 Nd4 27. Ne5 Rf8 28. Kg2 Kc7 29. a3 Nb5 30. Bd3 Nd6 31. b4 Nd7 32. Nf3 g6 33.
Rc1 Kd8 34. a4 Ke7 35. a5 a6 36. Nd4 Rd8 37. Bf1 Ne5 38. Nb3 Nd7 39. Nd4 Nb5 40. Nb3 Nd6 41. Nd4 1/2-1/2

[Event "*** SCC Grand Prix: Titled Tuesday Blitz"]
[Site "Chess.com"]
[Date "2020.08.11"]
[Round "10"]
[White "zmarian"]
[Black "Chessbard1972"]
[Result "1/2-1/2"]
[WhiteElo "2197"]
[BlackElo "2307"]
[TimeControl "180+1"]
[EndTime "11:58:13 PDT"]
[Termination "Game drawn by repetition"]

1. g3 Nf6 2. Bg2 g6 3. Nf3 Bg7 4. O-O O-O 5. d3 d5 6. Nbd2 c5 7. c4 Nc6 8. cxd5 Nxd5 9. a3 b6 10.
Qc2 Bb7 11. Nc4 Rc8 12. Bd2 b5 13. Ne3 Nd4 14. Qd1 Nxe3 15. fxe3 Nxf3+ 16. Bxf3 Bxf3 17. Rxf3 Bxb2 18. Rb1 Bxa3 19. Rxb5 Rb8 20. Ra5 Bb4 21. Rxa7 Qd6 22. Bxb4 Rxb4 23. Qa1 Qb6 24. Kg2 Rb2 25. Ra2 Rb1 26. Qc3 Qb4 27. Rc2 Rc8 28. Qxb4 Rxb4 29. Rf4 Rxf4 30. exf4 f5 31. Rc4 Kf7 32. d4 Ke6 33.
dxc5 Kd5 34. Ra4 Rxc5 35. Ra7 Kd6 36. Ra8 e5 37. Rh8 Rc2 38. Kf2 exf4 39. gxf4 Rc4 40. Kf3 Rc3+ 41. e3 Rc7 42. h4 Kd5 43. Rf8 Ke6 44. Re8+ Kf6 45. Ra8 h6 46. Ra6+ Kg7 47. Ra5 Re7 48. h5 Rd7 49. hxg6 Kxg6 50. Ra6+ Kg7 51.
Ra5 Kg6 52. Ra6+ Kg7 53. Ra5 Kg6 1/2-1/2

[Event "*** SCC Grand Prix: Titled Tuesday Blitz"]
[Site "Chess.com"]
[Date "2020.08.11"]
[Round "10"]
[White "Zarinur"]
[Black "canary2016"]
[Result "0-1"]
[WhiteElo "2127"]
[BlackElo "1887"]
[TimeControl "180+1"]
[EndTime "11:58:13 PDT"]
[Termination "canary2016 won by resignation"]

1. e4 e5 2. Nf3 Nf6 3. Nc3 Bb4 4. Nxe5 O-O 5. Nd3 Re8 6. Be2 Nxe4 7. Nf4 Qf6 8. Ncd5 Qd4 9. O-O Bc5 10. c3 Qe5 11. d4 Bxd4 12. cxd4 Qd6 13. Bd3 c6 14. Nc3 Nf6 15. h3 Qc7 16. Nh5 Nxh5 17. Qxh5 g6 18.
Qh6 d5 19. Bf4 Qe7 20. Be5 f5 21. Rae1 Qf7 22. Bf6 Rxe1 23. Rxe1 Qf8 24. Bd8 Qxh6 25. Re8+ Kf7 26. Re7+ Kf8 27. Rc7 Na6 28. Re7 Qc1+ 29.
Bf1 Qxb2 30. Re3 Bd7 31. Be7+ Kg8 32. Bd6 Re8 33. Rxe8+ Bxe8 34. Bxa6 bxa6 35. Na4 Qxa2 36. Nc5 Qb1+ 37. Kh2 a5 38. g3 a4 39. Ne6 a3 40.
Bxa3 Qa2 41. Bd6 Qxf2+ 42. Kh1 Bf7 0-1

[Event "*** SCC Grand Prix: Titled Tuesday Blitz"]
[Site "Chess.com"]
[Date "2020.08.11"]
[Round "10"]
[White "IMTominho"]
[Black "volcanoexplorer"]
[Result "1-0"]
[WhiteElo "2777"]
[BlackElo "2639"]
[TimeControl "180+1"]
[EndTime "11:58:14 PDT"]
[Termination "IMTominho won by checkmate"]

1. d4 Nf6 2. c4 e6 3. Nf3 d5 4. Nc3 Be7 5. Bg5 O-O 6. e3 Nbd7 7. Rc1 h6 8. Bh4 c5 9. cxd5 Nxd5 10. Bxe7 Nxe7 11.
Be2 b6 12. O-O Bb7 13. dxc5 Nxc5 14. b4 Ne4 15. Nxe4 Bxe4 16. Nd4 Qd6 17. a3 Rfd8 18. Bf3 Bd5 19. Qe2 Rac8 20. h3 a5 21. Nb5 Qe5 22.
Bxd5 Nxd5 23. bxa5 bxa5 24. a4 Qe4 25. Nd6 Nf4 26.
Qg4 Rxc1 27. Nxe4 Rxf1+ 28. Kxf1 Nd5 29. Nc5 Rc8 30. Qd4 Kf8 31. g4 Ke7 32. Kg2 Rc6 33. Ne4 f6 34. Qa7+ Nc7 35. Qxa5 f5 36. gxf5 exf5 37.
Qxf5 Ne6 38. a5 g6 39. Qe5 Kf7 40. Qb5 Rc2 41. a6 Ng7 42. a7 Nf5 43. Qb3+ Kg7 44. Qxc2 Nh4+ 45. Kf1 g5 46. a8=Q Kg6 47. Ng3+ Nf5 48.
Qxf5+ Kg7 49. Qaf8# 1-0

[Event "*** SCC Grand Prix: Titled Tuesday Blitz"]
[Site "Chess.com"]
[Date "2020.08.11"]
[Round "10"]
[White "GiantThresher"]
[Black "Heineccius"]
[Result "1-0"]
[WhiteElo "2728"]
[BlackElo "2597"]
[TimeControl "180+1"]
[EndTime "11:58:14 PDT"]
[Termination "GiantThresher won on time"]

1. e4 c5 2. Nc3 e6 3. Nf3 Nc6 4. d4 cxd4 5. Nxd4 Qc7 6. Be3 a6 7. a3 Nf6 8. f4 d6 9. Qf3 Bd7 10. O-O-O Nxd4 11. Bxd4 Bc6 12. Bxf6 gxf6 13. f5 Be7 14.
Bc4 Bd7 15. Bb3 O-O-O 16. Qh5 Rdf8 17. Kb1 Kb8 18. Rhe1 Bc8 19. Ne2 Rhg8 20. Nf4 e5 21.
Nd5 Qd7 22. g3 Bd8 23. Qh6 Qc6 24. Nxf6 Rh8 25. Nd5 Qc5 26. Re3 f6 27. Rc3 Qf2 28. Rcd3 Bd7 29. Nc3 Bc7 30. Qg7 Bc6 31. R3d2 Qe3 32.
Bd5 Be8 33. Na2 h5 34. h4 Qh6 35. Qxh6 Rxh6 36. Rd3 Bf7 37. Nc3 Be8 38. Ne2 Rh7 39.
Rb3 Rg7 40. Rxb7+ Kc8 41. Ra7 Bb5 42. c4 Ba4 43. Rd3 Re7 44. Nc3 Bd7 45. Rxa6 Bb8 46. Nb5 Bxb5 47. cxb5 Rc7 48. Rc6 1-0